 Dungeon Crawl Stone Soup version 0.20-a0-544-g2b9a704 (webtiles) character file.

34 Kidiri the Magician (level 3, -18/19 HPs)
             Began as a Deep Elf Fire Elementalist on Jan 31, 2017.
             Killed from afar by a goblin (37 damage)
             ... with an exploding inner flame
             ... led by Robin
             ... hexed by the player character
             ... on level 2 of the Dungeon.
             The game lasted 00:04:16 (1146 turns).

Kidiri the Magician (Deep Elf Fire Elementalist)    Turns: 1146, Time: 00:04:18

Health: -18/19     AC:  2    Str:  5    XL:     3   Next: 14%
Magic:  0/10       EV: 13    Int: 20    God:
Gold:   36         SH:  0    Dex: 15    Spells: 1/10 levels left

rFire    . . .     SeeInvis .   d - +1 dagger (venom)
rCold    . . .     Gourm    .   a - +0 robe
rNeg     . . .     Faith    .   (no shield)
rPois    .         Spirit   .   (no helmet)
rElec    .         Reflect  .   (no cloak)
rCorr    .         Harm     +   (no gloves)
MR       .....                  (no boots)
Stlth    ++........             e - amulet of harm
Regen    0.1/turn               (no ring)
                                (no ring)

@: no status effects
A: no striking features
a: no special abilities


You were on level 2 of the Dungeon.
You were not hungry.

You visited 1 branch of the dungeon, and saw 2 of its levels.

You collected 36 gold pieces.

Inventory:

Hand Weapons
 d - a +1 dagger of venom (weapon)
 h - a +0 dagger
Armour
 a - a +0 robe (worn)
 g - a +0 leather armour of magic resistance
Jewellery
 e - an amulet of harm (around neck)
Potions
 i - a potion of ambrosia
 k - a potion of flight {unknown}
Books
 b - a book of Flames

   Spells                             Type                      Level
   a - Flame Tongue                   Conjuration/Fire             1
   b - Throw Flame                    Conjuration/Fire             2
   c - Conjure Flame                  Conjuration/Fire             3
   d - Inner Flame                    Hexes/Fire                   3
   e - Sticky Flame                   Conjuration/Fire             4
   f - Fireball                       Conjuration/Fire             5
Comestibles
 c - a bread ration
 f - a meat ration
 l - 3 chunks of flesh
 n - a royal jelly


   Skills:
 - Level 2.4 Dodging
 - Level 2.4 Stealth
 * Level 4.1 Spellcasting
 + Level 2.0 Conjurations
 + Level 3.6 Fire Magic


You had one spell level left.
You knew the following spells:

 Your Spells              Type           Power        Failure   Level  Hunger
a - Flame Tongue          Conj/Fire      ###..        4%          1    None
b - Throw Flame           Conj/Fire      ###...       10%         2    #......
c - Conjure Flame         Conj/Fire      ###.....     14%         3    ###....
d - Inner Flame           Hex/Fire       ##......     21%         3    ###....


Dungeon Overview and Level Annotations

Branches:
Dungeon (2/15)

Altars:

Annotations:
D:2 Robin


Message History

t - Shout!
Orders for allies: a - Attack new target. r - Retreat! s - Stop attacking. g - Guard the area. f - Follow me.
Anything else - Cancel.
You shout for attention!
You hear a shout!
Robin says, "Kneel, worm!"
Some of the chunks of flesh in your inventory have rotted away.
Casting: Conjure Flame
Confirm with . or Enter, or press ? or * to list all spells.
Aiming: Inner Flame
Press: ? - help, Shift-Dir - straight line, f - goblin
Aim: a goblin, wielding a club (unusually strong, chance to defeat MR: 77%)
The goblin is filled with an inner flame.
Robin throws the goblin at you!
The goblin is engulfed in roaring flames.
The goblin explodes!
The fiery explosion engulfs you!
Ouch! That really hurt!
You die...

..######...# ...
...........# ....
#..........# ...
#..........######.####
......................
#.............#.#..#.#
#.......###.#÷#.#..#.#
##########....#...#....#
.....§§@§g...)..........
#.#######..########.....
#........##.....
#..g####.##..... ###.#
#..... g# #..... ..
#..... .#g ##.... .#
#.##.


You could see Robin and a hobgoblin.

Vanquished Creatures
  An adder (D:2)
  3 bats
  2 giant cockroaches
  4 hobgoblins
  2 frilled lizards (D:1)
  5 goblins
  5 kobolds
  A rat (D:1)
23 creatures vanquished.

Notes
Turn   | Place    | Note
-------+----------+-------------------------------------------
     0 | D:1      | Kidiri the Deep Elf Fire Elementalist began the quest for the Orb.
     0 | D:1      | Reached XP level 1. HP: 10/10 MP: 6/6
   397 | D:1      | Reached XP level 2. HP: 15/15 MP: 5/8
   401 | D:1      | Learned a level 2 spell: Throw Flame
  1002 | D:2      | Reached skill level 4 in Spellcasting
  1074 | D:2      | Reached XP level 3. HP: 19/19 MP: 2/10
  1079 | D:2      | Learned a level 3 spell: Conjure Flame
  1083 | D:2      | Learned a level 3 spell: Inner Flame
  1138 | D:2      | Noticed Robin
  1146 | D:2      | Killed from afar by a goblin

Vault maps used:
D:1:      lemuel_arrival_behind_the_door_large
D:2:      uniq_robin, uniq_natasha

Skill      XL: |  1  2 |
---------------+-------+-----
Spellcasting   | 4 |  4.1
Conjurations   | 2 |  2.0
Dodging        | |  2.4
Stealth        | |  2.4
Fire Magic     | |  3.6

Action                   || total
-------------------------++-------
Melee: Short sword       ||     1
 Cast: Flame Tongue      ||    32
       Throw Flame       ||     7
       Conjure Flame     ||     2
       Inner Flame       ||     1
  Use: Scroll            ||     3
 Stab: Sleeping          ||     1
  Eat: Chunk             ||     1
Armor: Robe              ||     2
Dodge: Dodged            ||    13
